 Dungeon Crawl Stone Soup version 0.21.1-1-g345015f (webtiles) character file.

92 lotte the Conjurer (level 4, -1/24 HPs)
             Began as a Deep Elf Conjurer on July 1, 2018.
             Slain by a gnoll
             ... wielding a cursed +0 halberd
              (4 damage)
             ... on level 3 of the Dungeon.
             The game lasted 00:08:58 (2452 turns).

lotte the Conjurer (Deep Elf Conjurer)              Turns: 2452, Time: 00:08:58

Health: -1/24      AC:  3    Str:  5    XL:     4   Next: 35%
Magic:  2/12       EV: 14    Int: 21    God:
Gold:   103        SH:  0    Dex: 15    Spells: 11/12 levels left

rFire    . . .     SeeInvis .   e - +0 club
rCold    . . .     Gourm    .   (no shield)
rNeg     . . .     Faith    +   a - +0 robe
rPois    .         Spirit   .   (no helmet)
rElec    .         Reflect  .   (no cloak)
rCorr    .         Harm     .   n - +0 pair of gloves
MR       .....                  (no boots)
Stlth    +.........             r - amulet of faith
HPRegen  0.08/turn              l - +1 ring of evasion
MPRegen  0.13/turn              (no ring)

@: confused
A: no striking features
a: no special abilities


You were on level 3 of the Dungeon.
You were not hungry.

You visited 1 branch of the dungeon, and saw 3 of its levels.

You collected 103 gold pieces.

Inventory:

Hand Weapons
 e - a +0 club (weapon)
Armour
 a - a +0 robe (worn)
 n - a +0 pair of gloves (worn)
Jewellery
 l - a +1 ring of evasion (left hand)
 r - an amulet of faith (around neck)
Scrolls
 g - a scroll of remove curse {unknown}
 h - 2 scrolls of identify {unknown}
 i - 6 scrolls of teleportation {unknown}
 k - a scroll of enchant weapon {unknown}
Potions
 d - a potion of curing {unknown}
 f - a potion of brilliance {unknown}
 j - a potion of might {unknown}
 m - 2 potions of agility {unknown}
 o - a potion of invisibility {unknown}
 p - a potion of ambrosia {unknown}
 q - a potion of lignification {unknown}
Books
 b - a book of Conjurations

   Spells                             Type                      Level
   a - Magic Dart                     Conjuration                  1
   b - Searing Ray                    Conjuration                  2
   c - Dazzling Spray                 Conjuration/Hexes            3
   d - Fulminant Prism                Conjuration/Hexes            4
   e - Force Lance                    Conjuration/Translocation    4
   f - Iskenderun's Mystic Blast      Conjuration                  4
Comestibles
 c - 4 rations


   Skills:
 - Level 2.4 Dodging
 - Level 2.4 Stealth
 + Level 4.9 Spellcasting
 + Level 5.5 Conjurations


You had 11 spell levels left.
You knew the following spells:

 Your Spells              Type           Power        Failure   Level  Hunger
a - Magic Dart            Conj           ####         1%          1    None


Dungeon Overview and Level Annotations

Branches:
Dungeon (3/15)

Altars:
Dithmenos
Elyvilon
Nemelex Xobeh
Ru
Xom


Message History

The gnoll misses you. Something hits you.
A hobgoblin comes into view. It is wielding a club.
You miss something. Something hits you. The gnoll closely misses you.
You bump into the rock wall.
Something hits you. The gnoll closely misses you.
Your magical contamination has completely faded away.
You're too confused to move!
You hear some strange, mumbled words.
A magic dart appears from out of thin air!
The magic dart hits you!
You're too confused to move!
The gnoll barely misses you.
You hear some strange, mumbled words.
You are more confused.
You bump into the rock wall.
Something hits you.
You bump into the rock wall.
The gnoll barely misses you. Something hits you but does no damage.
You're too confused to move!
Something hits you.
You're too confused to move!
Something hits you.
* * * LOW HITPOINT WARNING * * *
The gnoll hits you from afar with a halberd.
You die...

#.##### .#g #. #.# ..
#. #.# .... #.##### .#.
#.....# S. ##########.#
#. #.....# #.# .
#)####### #.###.# #.# .
#[oSg.@.####.###.####.#
.## #
#######...............#
... ##.#
######.###.######
..##..##. #.###.#
..#...... #.....#
......... #######
#<....g.. #.#...g>a #.#
..$..


You could see a gnoll, an adder and an orc.

Vanquished Creatures
  2 gnolls (D:3)
  An adder (D:2)
  An ooze (D:1)
  A worm (D:2)
  3 dart slugs
  2 orcs (D:3)
  9 bats (D:1)
  3 giant cockroaches
  2 goblins (D:1)
  5 hobgoblins
  3 jackals (D:2)
  A quokka (D:2)
  3 ball pythons
  2 frilled lizards (D:1)
  2 kobolds (D:1)
  7 rats
47 creatures vanquished.

Notes
Turn   | Place    | Note
-------+----------+-------------------------------------------
     0 | D:1      | lotte the Deep Elf Conjurer began the quest for the Orb.
     0 | D:1      | Reached XP level 1. HP: 10/10 MP: 6/6
   287 | D:1      | Reached XP level 2. HP: 15/15 MP: 3/8
   764 | D:1      | Reached XP level 3. HP: 19/19 MP: 3/10
   836 | D:1      | Reached skill level 5 in Conjurations
  1417 | D:2      | Found a shadowy altar of Dithmenos.
  1509 | D:2      | Found a shimmering altar of Xom.
  2040 | D:2      | Found a white marble altar of Elyvilon.
  2040 | D:2      | Found a sacrificial altar of Ru.
  2040 | D:2      | Found a sparkling altar of Nemelex Xobeh.
  2423 | D:3      | Reached XP level 4. HP: 24/24 MP: 8/12
  2452 | D:3      | Slain by a gnoll

Skill      XL: |  1  2  3 |
---------------+----------+-----
Spellcasting   | 4 |  4.9
Conjurations   | 5 |  5.5
Dodging        | |  2.4
Stealth        | |  2.4

Action                   |  1- 3 |  4- 6 || total
-------------------------+-------+-------++-------
Melee: Club              |     1 |     2 ||     3
 Cast: Magic Dart        |    83 |    10 ||    93
  Eat: Chunk             |     4 |       ||     4
Armor: Robe              |     7 |     1 ||     8
Dodge: Dodged            |    13 |     7 ||    20
